 Dungeon Crawl Stone Soup version 0.28-a0-1616-g050a50673c (webtiles) character file.

Game seed: 14553199482466059185

13405 Shayle the Fighter (level 11, -1/78 HPs)
             Began as a Vampire Warper on Jan 22, 2022.
             Was a Believer of Makhleb.
             Slain by a centaur (5 damage)
             ... on level 12 of the Dungeon.
             The game lasted 01:03:39 (15148 turns).

Shayle the Fighter (Vampire Warper)                Turns: 15148, Time: 01:03:40

Health: -1/78      AC: 12    Str: 14      XL:     11   Next: 75%
Magic:  17/17      EV: 15    Int: 12 (15) God:    Makhleb [**....]
Gold:   679        SH:  0    Dex: 15      Spells: 10/18 levels left

rFire   + . .      SeeInvis +   B - +0 trident (protect)
rCold   + + .      Faith    .   (no shield)
rNeg    + + +      Spirit   .   L - +0 steam dragon scales
rPois   ∞          Reflect  .   m - +2 helmet
rElec   .          Harm     .   h - +0 cloak
rCorr   .          Rampage  .   (no gloves)
Will    +....                   I - +2 pair of boots
Stlth   ++++++....              y - amulet of the acrobat
HPRegen 0.00/turn               t - ring of protection from fire
MPRegen 0.15/turn               (no ring)

@: bloodless, inhibited regen, slowed, studying Fighting, very slow
A: bloodless, fangs 3, see invisible, vampiric 2
a: Bat Form, Revivify, Renounce Religion, Minor Destruction


You were on level 12 of the Dungeon.
You worshipped Makhleb.
Makhleb was pleased with you.
You visited 2 branches of the dungeon, and saw 13 of its levels.
You also visited: Bailey.

You collected 679 gold pieces.

Inventory:

Hand Weapons
 a - a +2 halberd of freezing
 g - a +1 dagger of electrocution
 z - a +3 dagger
 B - a +0 trident of protection (weapon)
 H - a +4 rapier of venom
 J - a +3 falchion
Missiles
 b - 6 javelins
 r - 10 boomerangs
 D - 36 poisoned darts (quivered)
Armour
 h - a +0 cloak (worn)
 m - a +2 helmet (worn)
 I - a +2 pair of boots (worn)
 L - +0 steam dragon scales (worn)
Jewellery
 t - a ring of protection from fire (left hand)
 v - an amulet of guardian spirit
 y - an amulet of the acrobat (around neck)
Wands
 f - a wand of polymorph (2)
 A - a wand of charming (5)
Scrolls
 c - a scroll of blinking
 j - 2 scrolls of vulnerability
 k - 2 scrolls of magic mapping
 o - a scroll of teleportation
 q - a scroll of amnesia
Potions
 d - 2 potions of brilliance
 i - a potion of ambrosia {unknown}
 n - a potion of mutation
 s - 3 potions of cancellation
 u - 2 potions of degeneration {unknown}
 w - a potion of haste
 K - 2 potions of curing


   Skills:
 + Level 13.0 Fighting
 + Level 7.9 Long Blades
 - Level 0.7 Throwing
 - Level 0.7 Armour
 - Level 7.2 Dodging
 - Level 10.0 Stealth
 + Level 4.1 Spellcasting
 + Level 2.0 Conjurations
 - Level 2.4 Translocations
 + Level 2.5 Air Magic
 + Level 2.3 Poison Magic
 * Level 5.5 Invocations


You had 10 spell levels left.
You knew the following spells:

 Your Spells              Type           Power      Damage    Failure   Level
a - Blink                 Tloc           16%        N/A       12%         2
b - Lesser Beckoning      Tloc           8%         N/A       24%         3
c - Mephitic Cloud        Conj/Pois/Air  7%         N/A       26%         3

Your spell library contained the following spells:

 Spells                   Type           Power      Damage    Failure   Level
 Magic Dart               Conj           28%        1d4       10%         1
 Searing Ray              Conj           14%        2d5       14%         2
 Slow                     Hex            8%         N/A       22%         1
 Gell's Gravitas          Tloc           8%         N/A       24%         3
 Teleport Other           Tloc           8%         N/A       24%         3
 Call Imp                 Summ           2%         N/A       32%         2
 Sublimation of Blood     Necr           2%         N/A       32%         2
 Wereblood                Tmut           2%         N/A       32%         2
 Confusing Touch          Hex            2%         N/A       54%         3
 Vampiric Draining        Necr           2%         2d6       54%         3
 Fulminant Prism          Conj/Hex       2%         3d6       82%         4
 Manifold Assault         Tloc           8%         N/A       92%         5
 Summon Hydra             Summ           1%         N/A       100%        7


Dungeon Overview and Level Annotations

Branches:
Dungeon (12/15)            Temple (1/1) D:6             Orc (0/2) D:10
 Bailey (visited)
   Lair: D:8-11

Altars:
Ashenzari
Cheibriados
Dithmenos
Elyvilon
Fedhas
Gozag
Hepliaklqana
Kikubaaqudgha
Makhleb
Nemelex Xobeh
Okawaru
Qazlal
Ru
Sif Muna
Trog
Uskayaw
Vehumet
Wu Jian
Xom
Yredelemnul
Zin
The Shining One

Shops:
D:5 (   D:12 =

Annotations:
D:7 1 runed translucent door
D:9 2 transporters, Shayle's ghost, journeyman NaWr


Innate Abilities, Weirdness & Mutations

You do not regenerate when monsters are visible.
You are frail without blood (-20% HP).
You can heal yourself when you bite living creatures.
You are immune to poison.
You have razor-sharp teeth.
You have supernaturally acute eyesight. (SInv)
You are afflicted with vampirism and can become a bat while bloodless.


Message History

As you read the scroll of teleportation, it crumbles to dust.
You feel strangely unstable. The wraith barely misses you.
The wraith hits you but does no damage. The wraith misses you.
Your surroundings suddenly seem different. 6 centaurs come into view.
Found a glowing dagger.
Found a stone staircase leading up and a stone staircase leading down.
The centaur shouts! x3
The centaur wields a +0 shortbow.
The centaur shoots an arrow.
The arrow completely misses you.
The centaur shoots an arrow.
The arrow closely misses you.
A wraith comes into view.
The centaur wields a +0 shortbow.
The centaur shoots an arrow.
The arrow misses you.
The centaur shouts!
As you read the scroll of fear, it crumbles to dust.
You assume a fearsome visage.
The centaur looks frightened! x6
The wraith is unaffected.
Okay, then.
Cornered, the centaur turns to fight! x2; The centaur shoots an arrow.
The arrow barely misses you.
The centaur wields a +0 shortbow.
The centaur shoots an arrow.
The arrow completely misses you.
The centaur shoots an arrow.
The arrow misses you.
The centaur shoots an arrow.
The arrow completely misses you.
The centaur shoots an arrow.
The arrow completely misses you.
The centaur shoots an arrow.
The arrow misses you.
The centaur shoots an arrow.
The arrow misses you.
The centaur shoots an arrow.
The arrow completely misses you.
The centaur shoots an arrow.
The arrow completely misses you.
The centaur shoots an arrow.
The arrow completely misses you.
The centaur shoots an arrow.
The arrow completely misses you.
The centaur unwields a +0 shortbow.
The centaur barely misses you. x2
The centaur shoots an arrow.
The arrow completely misses you. The centaur barely misses you.
The centaur misses you.
There is a stone staircase leading up here.
Unknown command.
The centaur shoots an arrow.
The arrow hits you!
* * * LOW HITPOINT WARNING * * *
The centaur hits you.
You die...

### .. ###+#######
###### #.........#
##.....
#.........##........
#
#..)......'..##.....
#.#.........# #.....
#.'.....W...# #.....
###..@......# #.....
#..c>.....# #.....
#.........# #.....
#........c# ######
###..###### #.## ...
...


You could see a wraith and 2 centaurs.

Vanquished Creatures
  2 two-headed ogres
  A death yak (D:11)
  Urug (D:11)
  An orc knight (Bailey)
  An orc sorcerer (Bailey)
  An ugly thing (D:9)
  A cyclops (D:11)
  A manticore (D:11)
  Maurice (D:8)
  Maggie (D:8)
  A meliai (shapeshifter) (D:12)
  A troll (D:10)
  Grinder (D:5)
  A wraith (D:11)
  A wyvern (D:9)
  A vampire (D:10)
  Eustachio (D:5)
  7 vampire mosquitoes (D:12)
  A warg (D:10)
  2 water moccasins
  13 orc warriors
  A sky beast (D:7)
  3 necrophages (D:6)
  2 ogres
  4 centaurs
  A phantom (D:4)
  2 kobold brigands
  2 bullfrogs (D:8)
  A gnoll sergeant (D:6)
  2 scorpions
  A wyvern skeleton (D:7)
  9 killer bees
  2 water moccasin skeletons
  A jelly (D:4)
  5 wights
  6 centaur zombies
  A bullfrog zombie (D:6)
  4 bullfrog skeletons
  7 hounds
  7 orc priests
  5 iguanas
  14 orc wizards
  A scorpion zombie (D:5)
  A hell rat (D:10)
  7 gnolls
  A howler monkey skeleton (D:5)
  7 adders
  2 river rats
  2 white imps (D:6)
  2 ufetubi
  An adder skeleton (D:4)
  2 worms
  4 dart slugs
  53 orcs
  4 ball pythons
  9 bats
  7 endoplasms
  4 giant cockroaches
  17 goblins
  11 hobgoblins
  5 jackals
  24 kobolds
  3 quokkas
  5 frilled lizards
  A quokka skeleton (D:4)
  27 rats
321 creatures vanquished.

Vanquished Creatures (others)
  3 killer bees (D:10)
  A howler monkey (D:10)
  A hobgoblin (Bailey)
  3 kobolds (D:10)
  9 plants (D:1)
17 creatures vanquished.

Grand Total: 338 creatures vanquished

Notes
Turn   | Place    | Note
-------+----------+-------------------------------------------
     0 | D:1      | Shayle the Vampire Warper began the quest for the Orb.
     0 | D:1      | Reached XP level 1. HP: 16/16 MP: 3/3
   135 | D:1      | Reached skill level 2 in Fighting
   135 | D:1      | Reached skill level 1 in Stealth
   239 | D:1      | Reached XP level 2. HP: 22/22 MP: 5/5
   523 | D:2      | Gained mutation: You are afflicted with vampirism and can
                  | become a bat while bloodless. [Vampire growth]
   523 | D:2      | Reached XP level 3. HP: 26/28 MP: 6/6
  1362 | D:2      | Reached skill level 3 in Fighting
  1486 | D:2      | Reached XP level 4. HP: 23/35 MP: 7/7
  1767 | D:3      | Found a faded altar of an unknown god.
  2442 | D:4      | Upgraded the game from 0.28-a0-1613-gdaab1c2f9b to
                  | 0.28-a0-1616-g050a50673c
  2462 | D:4      | Reached skill level 5 in Stealth
  2682 | D:4      | Reached XP level 5. HP: 42/42 MP: 8/8
  2715 | D:4      | Noticed a phantom
  2720 | D:4      | Killed a phantom
  2721 | D:4      | Reached skill level 4 in Fighting
  2815 | D:4      | Reached XP level 6. HP: 48/48 MP: 9/9
  2996 | D:4      | Noticed a +0 dagger
  2996 | D:4      | Noticed a +0 dagger
  3000 | D:4      | Found a hide-covered altar of Uskayaw.
  3158 | D:4      | Reached skill level 5 in Fighting
  3158 | D:4      | Reached XP level 7. HP: 50/56 MP: 10/10
  3573 | D:5      | Entered Level 5 of the Dungeon
  3845 | D:5      | Noticed Grinder
  3849 | D:5      | Reached skill level 6 in Fighting
  3870 | D:5      | Found a sacrificial altar of Ru.
  3870 | D:5      | Found an ancient bone altar of Kikubaaqudgha.
  3883 | D:5      | Found a shimmering blue altar of Sif Muna.
  3885 | D:5      | Found a stormy altar of Qazlal.
  3886 | D:5      | Found an opulent altar of Gozag.
  4091 | D:5      | Reached skill level 10 in Stealth
  4091 | D:5      | Reached XP level 8. HP: 64/64 MP: 11/11
  4353 | D:5      | Found Ecumu's Weapon Emporium.
  4355 | D:5      | Noticed Eustachio
  4967 | D:6      | Found a staircase to the Ecumenical Temple.
  4983 | Temple   | Entered the Ecumenical Temple
  5308 | D:6      | Reached skill level 7 in Fighting
  5747 | D:6      | Learned a level 2 spell: Blink
  5751 | D:6      | Learned a level 3 spell: Lesser Beckoning
  5755 | D:6      | Learned a level 3 spell: Mephitic Cloud
  5878 | D:7      | Noticed a four-headed hydra
  6024 | D:8      | Noticed Maggie
  6179 | D:8      | Noticed Maurice
  6218 | D:8      | Found a flagged portal.
  6277 | Bailey   | Entered a bailey
  6295 | Bailey   | Reached XP level 9. HP: 74/74 MP: 12/12
  6302 | Bailey   | Reached skill level 8 in Fighting
  6310 | Bailey   | Noticed an orc knight
  6348 | Bailey   | Killed an orc knight
  6349 | Bailey   | Reached skill level 5 in Dodging
  6739 | Bailey   | Noticed an orc sorcerer
  6751 | Bailey   | Killed an orc sorcerer
  6752 | Bailey   | Reached skill level 9 in Fighting
  6752 | Bailey   | Reached skill level 5 in Long Blades
  6764 | Bailey   | Acquired a manual of Fighting
  6873 | Bailey   | Found an iron altar of Okawaru.
  6874 | Bailey   | Noticed a kobold demonologist
  7504 | D:7      | Noticed a sixfirhy
  7504 | D:7      | Found a runed translucent door.
  7547 | D:7      | Reached skill level 10 in Fighting
  7793 | D:6      | Reached XP level 10. HP: 85/85 MP: 13/13
  7918 | D:7      | Found a burning altar of Makhleb.
  7926 | D:7      | Became a worshipper of Makhleb the Destroyer
  8453 | D:7      | Reached skill level 1 in Invocations
  8785 | D:5      | Killed Eustachio
  9191 | D:8      | Reached * piety under Makhleb
  9232 | D:8      | Killed Maurice
  9233 | D:8      | Reached skill level 11 in Fighting
  9907 | D:9      | Noticed a white ugly thing
  9911 | D:9      | Killed a white ugly thing
 10337 | D:9      | Found a transporter.
 10340 | D:9      | Noticed a moth of wrath
 10347 | D:9      | Found a transporter.
 10352 | D:9      | Found a bloodstained altar of Trog.
 10355 | D:9      | Noticed Shayle's ghost (journeyman NaWr)
 10707 | D:10     | Entered Level 10 of the Dungeon
 10752 | D:10     | Found a staircase to the Orcish Mines.
 10804 | D:9      | Reached ** piety under Makhleb
 10805 | D:9      | Reached skill level 12 in Fighting
 11716 | D:10     | Reached XP level 11. HP: 96/96 MP: 15/15
 12443 | D:9      | Noticed a tengu warrior
 12443 | D:9      | Noticed a two-headed ogre
 12548 | D:8      | Killed Maggie
 12850 | D:5      | Killed Grinder
 13356 | D:11     | Noticed Urug
 13364 | D:11     | Killed Urug
 13429 | D:11     | Reached skill level 1 in Air Magic
 13436 | D:11     | Noticed a two-headed ogre
 13612 | D:11     | Reached skill level 1 in Poison Magic
 13710 | D:10     | Reached skill level 1 in Conjurations
 13896 | D:11     | Noticed a two-headed ogre
 13910 | D:11     | Killed a two-headed ogre
 14038 | D:10     | Killed a two-headed ogre
 14039 | D:10     | Reached skill level 5 in Invocations
 14073 | D:11     | Noticed a death yak
 14270 | D:11     | Killed a death yak
 14379 | D:11     | Noticed a death yak
 14414 | D:11     | Noticed a death yak
 14724 | D:12     | Reached skill level 13 in Fighting
 15066 | D:12     | Found Cujast's Jewellery Emporium.
 15148 | D:12     | Slain by a centaur

Illustrated notes

Levels and vault maps discovered:
D:1:      minmay_arrival_stair_chambers, layout_basic, lexackson_kobold_supper
D:2:      layout_basic, minmay_misc_feat_room, kennysheep_generic_room_4
D:3:      layout_loops_ring, basic_ecumenical_altar, mrwooster_statue_mirror,
          dk_noncrumbling_3
D:4:      layout_loops_corners, dancing_weapons_uskayaw, minmay_rat_hole
D:5:      layout_loops_cross, minitemple, serial_shops,
          nicolae_shop_bloodbath_and_beyond, hangedman_abyss_or_decor_stagger,
          kennysheep_generic_room_3, uniq_eustachio, uniq_grinder
D:6:      layout_basic, minmay_temple_entry_poolview,
          chequers_serial_rivers_room_b
D:7:      cheibrodos_shockbox, layout_layer_cave, bloody_makhleb,
          minmay_circle_x
D:8:      layout_loops_ring, enter_bailey_5, special_room [special_room_orc],
          uniq_maggie, uniq_maurice
D:9:      layout_irregular_city, gammafunk_ghost_wrathful_warriors,
          serial_column_ruins, column_ruins_hut, column_ruins_hut_pillars,
          column_ruins_open_small, column_ruins_open_medium,
          column_ruins_corridor_straight, column_ruins_open_small_water,
          column_ruins_corridor_water
D:10:     layout_irregular_city, david_orc_3, lemuel_flamethrower_2
D:11:     layout_cave_pools, dpeg_lair_monsters,
          nicolae_trove_entry_path_of_doom, uniq_josephine, uniq_urug
D:12:     layout_roguey, minmay_shop_enchanted_jewellery
Temple:   regret_index_temple_generic_petals

Skill      XL: |  1  2  3  4  5  6  7  8  9 10 11 |
---------------+----------------------------------+-----
Fighting       | 2 3 4 5 6 7 10 12 13 | 13.0
Stealth        | 1 3 4 5 6 8 10 | 10.0
Dodging        | 4 6 7 |  7.2
Long Blades    | 4 5 7 |  7.9
Invocations    | 3 5 |  5.5
Spellcasting   | 4 |  4.1
Air Magic      | 2 |  2.5
Poison Magic   | 2 |  2.3
Conjurations   | 2 |  2.0
Throwing       | |  0.7
Armour         | |  0.7
Translocations | |  2.4

Action                   |  1- 3 |  4- 6 |  7- 9 | 10-12 || total
-------------------------+-------+-------+-------+-------++-------
Melee: Falchion          |   143 |    79 |       |       ||   222
       Bite              |    11 |    13 |    67 |   103 ||   194
       Punch             |     5 |     1 |     6 |    14 ||    26
       Dagger            |       |    91 |   476 |   381 ||   948
       Rapier            |       |       |       |   314 ||   314
       Trident           |       |       |       |    15 ||    15
Throw: Boomerang         |     5 |       |       |     2 ||     7
       Dart              |       |       |       |    14 ||    14
 Cast: Blink             |       |       |     2 |     3 ||     5
       Mephitic Cloud    |       |       |       |     3 ||     3
 Abil: Exsanguinate      |       |       |       |     1 ||     1
Evoke: Wand              |       |       |     9 |    11 ||    20
  Use: Potion            |     1 |     1 |     3 |     3 ||     8
       Scroll            |       |     7 |     8 |    11 ||    26
 Stab: Sleeping          |     4 |     4 |    14 |     5 ||    27
       Distracted        |       |       |     3 |       ||     3
       Confused          |       |       |       |     4 ||     4
Armor: Ring mail         |    70 |    75 |   108 |   175 ||   428
       Steam dragon scal |       |       |       |   116 ||   116
Dodge: Dodged            |    89 |    96 |   302 |   630 ||  1117

Table legend: (Time is in decaauts)
 A = Elapsed time spent in this place.
 B = Non-inter-level travel time spent in this place.
 C = Inter-level travel time spent in this place.
 D = Time resting spent in this place.
 E = Time spent auto-exploring this place.
 F = Levels seen in this place.
 G = Mean time per level.
                   A        B        C        D        E       F      G
               +--------+--------+--------+--------+--------+-----+--------+
         Total |  15129 |  14146 |    983 |   3233 |   5355 |  14 | 1080.6 |
       Dungeon |  13729 |  12781 |    948 |   2557 |   5144 |  12 | 1144.1 |
        Temple |    252 |    217 |     35 |      0 |    211 |   1 |  252.0 |
        Bailey |   1147 |   1147 |      0 |    675 |      0 |   1 | 1147.0 |
               +--------+--------+--------+--------+--------+-----+--------+

Top non-repeatable levels by time:
    D:10: 1947 daAuts
     D:6: 1619 daAuts
     D:8: 1435 daAuts
     D:9: 1327 daAuts
     D:7: 1299 daAuts
     D:4: 1190 daAuts
     D:5: 1157 daAuts
  Bailey: 1147 daAuts
     D:3: 927 daAuts
     D:1: 832 daAuts
     D:2: 822 daAuts
    D:12: 730 daAuts
    D:11: 439 daAuts
  Temple: 252 daAuts
